 Dungeon Crawl Stone Soup version 0.29-a0-352-g0917bc69df (webtiles) character file.

Game seed: 11700284776708535785

5 avis the Skirmisher (level 1, 0/20 HPs)
             Began as a Hill Orc Monk on Apr 25, 2022.
             Slain by a kobold
             ... wielding a +2 short sword of freezing
              (1 damage)
             ... on level 1 of the Dungeon.
             The game lasted 00:00:49 (98 turns).

avis the Skirmisher (Hill Orc Monk)                   Turns: 98, Time: 00:00:50

Health: 0/20       AC:  2    Str: 13    XL:     1   Next: 80%
Magic:  1/1        EV: 12    Int: 10    God:
Gold:   0          SH:  0    Dex: 13    Spells: 0/0 levels left

rFire   . . .      SeeInvis .     - Unarmed
rCold   . . .      Faith    .   (no shield)
rNeg    . . .      Spirit   .   a - +0 robe
rPois   .          Reflect  .   (no helmet)
rElec   .          Harm     .   (no cloak)
rCorr   .          Rampage  .   (no gloves)
Will    .....                   (no boots)
Stlth   ++........              (no amulet)
HPRegen 0.06/turn               (no ring)
MPRegen 0.07/turn               (no ring)

@: no status effects
A: no striking features
a: no special abilities


You were on level 1 of the Dungeon.
You visited 1 branch of the dungeon, and saw 1 of its levels.

Inventory:

Armour
 a - a +0 robe (worn)
Scrolls
 c - a scroll of blinking {unknown}
Potions
 b - a potion of ambrosia


   Skills:
 + Level 3.8 Fighting
 - Level 2.4 Dodging
 - Level 1.5 Stealth
 * Level 3.6 Unarmed Combat


You couldn't memorise any spells.
You didn't know any spells.
Your spell library was empty.

Dungeon Overview and Level Annotations

Branches:
Dungeon (1/15)

Altars:


Message History

The giant cockroach bites you but does no damage.
The goblin hits you with a +0 dagger.
You hit the quokka but do no damage. The quokka closely misses you.
The giant cockroach closely misses you. The goblin hits you with a +0 dagger.
The giant cockroach attacks as you move away!
The giant cockroach bites you. The quokka attacks as you move away!
The quokka bites you.
A dart slug comes into view.
The giant cockroach attacks as you move away!
The giant cockroach closely misses you.
Found a scroll labelled COCHAE JEVALAF.
The giant cockroach bites you. The dart slug launches a dart at you.
The slug dart hits you.
The quokka twitches its whiskers.
The quokka twitches its whiskers.
The dart slug launches a dart at you. The slug dart hits you.
* * * LOW HITPOINT WARNING * * *
The giant cockroach misses you.
A ball python comes into view.
The giant cockroach barely misses you.
You hit the ball python.
You kill the ball python!
The giant cockroach bites you.
* * * LOW HITPOINT WARNING * * *
You see here a ball python corpse.
You hit the giant cockroach.
The giant cockroach is moderately wounded.
The giant cockroach bites you.
* * * LOW HITPOINT WARNING * * *
The giant cockroach misses you.
You hit the giant cockroach but do no damage.
The giant cockroach is moderately wounded.
The giant cockroach barely misses you.
You hit the giant cockroach.
You kill the giant cockroach!
The kobold attacks as you move away! The kobold barely misses you.
The kobold attacks as you move away!
The kobold hits you with a +2 short sword of freezing.
You die...

..............######
#.#
##....†...>........#
... #.....###.##.####.#
..# #....# #.##.# #.#
..# #.... #.##.#
#.########..# ......
..##.# #...........#
..... #..##.#
######....... ##...
#..##.# #r###.##
###..##@# #S# .#
.......K# #.# .#
###..##.# ##g## .#
.......w###### #...# .#
.##.....r..rS# #...# .#
.....#.#####.###...##.#
.#####. #..w.......# ..
#....g..?..# #.#
##.........#


You could see a dart slug, a quokka and a kobold.

Vanquished Creatures
  An endoplasm (D:1)
  2 giant cockroaches (D:1)
  A ball python (D:1)
  A rat (D:1)
5 creatures vanquished.

Notes
Turn   | Place    | Note
-------+----------+-------------------------------------------
     0 | D:1      | avis the Hill Orc Monk began the quest for the Orb.
     0 | D:1      | Reached XP level 1. HP: 19/19 MP: 1/1
    91 | D:1      | HP: 1/20 [giant cockroach (1)]
    98 | D:1      | Slain by a kobold

Illustrated notes

Levels and vault maps discovered:
D:1:      wander_arrival_chamber, layout_loops_ring,
          shapermc_ecumenical_altar_flowoftime

Action                   || total
-------------------------++-------
Melee: Unarmed           ||    19
 Stab: Sleeping          ||     1
Armor: Robe              ||     3
Dodge: Dodged            ||    18

Table legend: (Time is in decaauts)
 A = Elapsed time spent in this place.
 B = Non-inter-level travel time spent in this place.
 C = Inter-level travel time spent in this place.
 D = Time resting spent in this place.
 E = Time spent auto-exploring this place.
 F = Levels seen in this place.
 G = Mean time per level.
                   A        B        C        D        E       F      G
               +--------+--------+--------+--------+--------+-----+--------+
         Total |     96 |     96 |      0 |      0 |     43 |   1 |   96.0 |
       Dungeon |     96 |     96 |      0 |      0 |     43 |   1 |   96.0 |
               +--------+--------+--------+--------+--------+-----+--------+

Top non-repeatable levels by time:
     D:1: 96 daAuts
